 Dungeon Crawl Stone Soup version 0.21.1-1-g345015fe64 (webtiles) character file.

13318 Oravi the Martial Artist (level 12, -9/83 HPs)
             Began as a Merfolk Transmuter on Apr 10, 2018.
             Was a Priest of Qazlal.
             Killed from afar by a rakshasa (29 damage)
             ... with an orb of energy
             ... on level 11 of the Dungeon.
             The game lasted 00:54:17 (12304 turns).

Oravi the Martial Artist (Merfolk Transmuter)      Turns: 12304, Time: 00:54:17

Health: -9/83      AC:  2    Str: 11    XL:     12   Next: 4%
Magic:  15/15      EV: 31    Int: 16    God:    Qazlal [***...]
Gold:   608        SH:  4    Dex: 20    Spells: 5/15 levels left

rFire    + . .     SeeInvis .     - Unarmed
rCold    . . .     Gourm    .   (shield currently unavailable)
rNeg     . . .     Faith    .   (armour currently unavailable)
rPois    x         Spirit   .   (helmet currently unavailable)
rElec    .         Reflect  .   (cloak currently unavailable)
rCorr    .         Harm     .   (gloves currently unavailable)
MR       .....                  (boots currently unavailable)
Stlth    +.........             l - amulet of regeneration
HPRegen  0.63/turn              g - ring of flight
MPRegen  0.14/turn              x - ring of protection from fire

@: spider-form (expiring)
A: tiny, (change form in water), (swift swim), (stealthy swim)
a: End Transformation, Upheaval, Elemental Force, Renounce Religion, Evoke
Flight


You were on level 11 of the Dungeon.
You worshipped Qazlal.
Qazlal was most pleased with you.
You were not hungry.
You were a venomous arachnid creature.
You visited 2 branches of the dungeon, and saw 12 of its levels.

You collected 608 gold pieces.

Inventory:

Hand Weapons
 y - the +6 dagger of Gin and Tonic {holy, MP+9 Int+5, unknown}
   (You found it on level 8 of the Dungeon)

   It has been blessed by the Shining One to cause great damage to the undead
   and demons.
   It affects your intelligence (+5).
   It affects your magic capacity (+9).
Missiles
 a - 131 arrows
Armour
 b - a +0 robe (melded)
 p - the +2 helmet "Halyas" {rCorr}
   (You found it on level 4 of the Dungeon)

   It protects you from acid and corrosion.
 q - a +1 pair of boots
Jewellery
 g - a ring of flight (left front leg)
 l - an amulet of regeneration (around neck)
 x - a ring of protection from fire (right front leg)
 B - an uncursed amulet of guardian spirit
Wands
 h - a wand of digging (31)
 j - a wand of iceblast (8)
 k - a wand of polymorph (14)
 u - a wand of random effects (113)
 w - a wand of flame (21)
 A - a wand of paralysis (13)
Scrolls
 m - 5 scrolls of amnesia
 n - 4 scrolls of blinking
 o - 4 scrolls of teleportation
 r - a scroll of enchant weapon
 t - 5 scrolls of remove curse
Potions
 e - 2 potions of invisibility
 i - 2 potions of magic
 s - 3 potions of heal wounds
 z - 2 potions of mutation
 C - a potion of agility
 E - a potion of haste {unknown}
 F - a potion of cancellation {unknown}
Books
 c - a book of Changes

   Spells                             Type                      Level
   a - Beastly Appendage              Transmutation                1
   b - Sticks to Snakes               Transmutation                2
   c - Spider Form                    Transmutation/Poison         3
   d - Ice Form                       Ice/Transmutation            4
   e - Blade Hands                    Transmutation                5
Comestibles
 d - 25 rations


   Skills:
 + Level 3.9 Fighting
 * Level 11.0 Dodging
 - Level 12.0 Unarmed Combat
 - Level 2.0 Spellcasting
 * Level 12.0 Transmutations
 * Level 3.2 Ice Magic
 * Level 9.1 Poison Magic
 + Level 1.8 Evocations


You had 5 spell levels left.
You knew the following spells:

 Your Spells              Type           Power        Failure   Level  Hunger
a - Beastly Appendage     Tmut           #####.       1%          1    #......
b - Sticks to Snakes      Tmut           #####...     2%          2    ###....
c - Spider Form           Tmut/Pois      #####.....   4%          3    ###....
d - Ice Form              Ice/Tmut       ####....     22%         4    #####..


Dungeon Overview and Level Annotations

Branches:
Dungeon (11/15)            Temple (1/1) D:4            Lair (0/6) D:10
    Orc (0/2) D:10

Altars:
Ashenzari
Cheibriados
Dithmenos
Elyvilon
Fedhas
Gozag
Hepliaklqana
Kikubaaqudgha
Makhleb
Nemelex Xobeh
Okawaru
Qazlal
Ru
Sif Muna
Trog
Uskayaw
Vehumet
Wu Jian
Xom
Yredelemnul
Zin
The Shining One
Beogh

Shops:
D:8 *


Message History

The seven-headed hydra bites you!
The seven-headed hydra completely misses you.
The seven-headed hydra bites you!
* * * LOW HITPOINT WARNING * * *
The seven-headed hydra bites you!
* * * LOW HITPOINT WARNING * * *
The seven-headed hydra bites you but does no damage.
The seven-headed hydra misses you.
The seven-headed hydra completely misses you.
The rakshasa blinks!
The rakshasa blinks!
The rakshasa blinks!
The centaur warrior skeleton misses you.
The centaur warrior skeleton misses you.
The centaur warrior skeleton hits you.
* * * LOW HITPOINT WARNING * * *
Your transformation is almost over.
The rakshasa gestures at you. The orb of energy hits you!
You die...

#.........# ##....#
##.........# ##......
#..........# ##.......
##..........# #........
##..#........# ##........
#..##........# ####...<.....
#..###.......###............
##.#####.....................
#..###......s................
##...............##..........
#.............###...........
##.........ยง.###
##[......... #......Z...###
##......... #......R.### ###
##........ ##....D### ###.###
##......# #......####.....##
###...## #........#.......###
##.##


You could see a seven-headed hydra, a rakshasa and a centaur warrior skeleton.

Vanquished Creatures
  The ghost of hofbold the Nimble, a journeyman GnGl of Cheibriados (D:9)
  6 two-headed ogres
  The ghost of Dox the Sneak, a novice OpFi of Dithmenos (D:6)
  3 trolls
  3 hippogriffs
  A wyvern (D:10)
  15 yaks
  2 black bears
  3 ice beasts
  2 sky beasts
  5 orc warriors
  A phantom (D:8)
  8 ogres
  A wolf (D:10)
  5 centaurs
  A crocodile (D:11)
  A big kobold (D:9)
  8 bullfrogs
  A gnoll sergeant (D:9)
  4 scorpions
  A water moccasin skeleton (D:4)
  3 howler monkeys (D:9)
  4 electric eels
  3 crimson imps
  2 centaur zombies (D:6)
  4 bullfrog zombies
  6 orc priests
  8 hounds
  A bullfrog skeleton (D:4)
  A jelly (D:5)
  4 orc wizards
  A centaur skeleton (D:6)
  2 iguanas
  6 worker ants
  2 hound zombies
  2 hound skeletons
  A howler monkey zombie (D:6)
  3 worker ant zombies (D:6)
  14 adders
  3 gnolls (D:9)
  A shadow imp (D:4)
  2 adder skeletons
  2 adder zombies (D:6)
  3 worms
  6 leopard geckos
  41 orcs
  A ball python (D:2)
  7 bats
  6 giant cockroaches
  6 hobgoblins
  2 jackals (D:1)
  7 quokkas
  3 frilled lizards
  2 giant cockroach zombies (D:6)
  5 goblins
  A jackal skeleton (D:5)
  8 kobolds
  A leopard gecko skeleton (D:5)
  2 leopard gecko zombies (D:6)
  3 quokka skeletons
  3 quokka zombies (D:6)
  5 rats
260 creatures vanquished.

Vanquished Creatures (collateral kills)
  A phantom (D:4)
  A worker ant (D:6)
  A howler monkey skeleton (D:6)
3 creatures vanquished.

Grand Total: 263 creatures vanquished

Notes
Turn   | Place    | Note
-------+----------+-------------------------------------------
     0 | D:1      | Oravi the Merfolk Transmuter began the quest for the Orb.
     0 | D:1      | Reached XP level 1. HP: 15/15 MP: 3/3
   231 | D:1      | Reached XP level 2. HP: 21/21 MP: 3/5
   825 | D:2      | Reached XP level 3. HP: 17/26 MP: 4/6
   832 | D:2      | Learned a level 2 spell: Sticks to Snakes
   836 | D:2      | Learned a level 3 spell: Spider Form
  1331 | D:2      | Found a radiant altar of Vehumet.
  1614 | D:3      | Reached XP level 4. HP: 32/32 MP: 3/7
  2157 | D:3      | Reached skill level 1 in Poison Magic
  2174 | D:3      | Found an ancient bone altar of Kikubaaqudgha.
  2477 | D:3      | Noticed a black bear
  2486 | D:3      | Killed a black bear
  2486 | D:3      | Reached skill level 5 in Transmutations
  2486 | D:3      | Reached XP level 5. HP: 37/38 MP: 1/8
  2869 | D:4      | Reached XP level 6. HP: 32/44 MP: 5/9
  3011 | D:4      | Reached skill level 5 in Unarmed Combat
  3743 | D:4      | Reached XP level 7. HP: 21/50 MP: 7/10
  3928 | D:4      | Got a bloodstained helmet
  3934 | D:4      | Identified the +2 helmet "Halyas" {rCorr} (You found it on level 4 of the Dungeon)
  4088 | D:4      | Found a staircase to the Ecumenical Temple.
  4105 | Temple   | Entered the Ecumenical Temple
  4321 | D:5      | Entered Level 5 of the Dungeon
  4705 | D:5      | Reached XP level 8. HP: 51/56 MP: 4/11
  5502 | D:6      | Noticed Dox's ghost (novice OpFi)
  5518 | D:6      | HP: 2/56 [Dox's ghost (4)]
  5828 | D:6      | Killed Dox's ghost
  6389 | D:6      | Found a stormy altar of Qazlal.
  6394 | D:6      | Became a worshipper of Qazlal Stormbringer
  6432 | D:6      | Reached skill level 5 in Dodging
  6432 | D:6      | Reached XP level 9. HP: 62/62 MP: 9/12
  6461 | D:6      | Reached skill level 5 in Poison Magic
  6765 | D:6      | Found a stormy altar of Qazlal.
  6766 | D:6      | Found a white marble altar of Elyvilon.
  7175 | D:7      | You fall through a shaft for 2 floors!
  7324 | D:9      | Reached * piety under Qazlal
  7407 | D:9      | Noticed a two-headed ogre
  7435 | D:9      | Killed a two-headed ogre
  7449 | D:9      | Noticed hofbold's ghost (journeyman GnGl)
  7628 | D:8      | Reached XP level 10. HP: 42/70 MP: 11/13
  7931 | D:8      | Noticed a two-headed ogre
  7958 | D:8      | Killed a two-headed ogre
  7958 | D:8      | Reached skill level 10 in Unarmed Combat
  7958 | D:8      | Reached skill level 10 in Transmutations
  8356 | D:7      | Noticed a two-headed ogre
  8366 | D:7      | Killed a two-headed ogre
  8601 | D:7      | Found a hazy altar of Hepliaklqana.
  9031 | D:8      | Noticed a two-headed ogre
  9045 | D:8      | Killed a two-headed ogre
  9106 | D:8      | Reached XP level 11. HP: 61/75 MP: 12/14
  9188 | D:8      | Reached ** piety under Qazlal
  9494 | D:8      | Got a crystal dagger
  9548 | D:8      | Found Lyzxit's Assorted Antiques.
  9898 | D:9      | Found an iron altar of Okawaru.
 10430 | D:9      | Killed hofbold's ghost
 10480 | D:10     | Entered Level 10 of the Dungeon
 10491 | D:10     | Noticed a two-headed ogre
 10504 | D:10     | Killed a two-headed ogre
 10532 | D:10     | Noticed a two-headed ogre
 10545 | D:10     | Killed a two-headed ogre
 10545 | D:10     | Reached skill level 10 in Dodging
 10592 | D:10     | Learned a level 4 spell: Ice Form
 10688 | D:10     | Reached skill level 1 in Ice Magic
 10968 | D:10     | Found a staircase to the Lair.
 11060 | D:10     | Found a staircase to the Orcish Mines.
 11062 | D:10     | Reached *** piety under Qazlal
 11081 | D:10     | Found a roughly hewn altar of Beogh.
 11372 | D:10     | Reached skill level 1 in Evocations
 11868 | D:11     | Reached XP level 12. HP: 72/83 MP: 11/15
 12263 | D:11     | Noticed a rakshasa
 12266 | D:11     | Noticed a seven-headed hydra
 12304 | D:11     | Killed from afar by a rakshasa

Skill      XL: |  1  2  3  4  5  6  7  8  9 10 11 12 |
---------------+-------------------------------------+-----
Transmutations | 3 4 5 6 8 9 11 12 | 12.0
Unarmed Combat | 4 5 6 8 9 11 12 | 12.0
Poison Magic   | 1 2 3 4 6 7 9 |  9.1
Dodging        | 3 4 5 7 9 10 11 | 11.0
Fighting       | 2 3 |  3.9
Ice Magic      | 3 |  3.2
Evocations     | 1 |  1.8
Spellcasting   | |  2.0

Action                   |  1- 3 |  4- 6 |  7- 9 | 10-12 || total
-------------------------+-------+-------+-------+-------++-------
Melee: Unarmed           |    98 |   144 |   324 |   417 ||   983
       Headbutt          |    13 |     8 |     4 |     2 ||    27
       Punch             |       |       |     1 |     1 ||     2
 Cast: Beastly Appendage |    15 |    14 |    10 |     2 ||    41
       Spider Form       |     2 |    16 |    30 |    43 ||    91
       Sticks to Snakes  |       |       |     9 |     2 ||    11
Evoke: Wand              |       |       |       |    18 ||    18
  Use: Scroll            |     7 |       |     5 |     7 ||    19
       Potion            |       |       |     3 |     2 ||     5
 Stab: Sleeping          |       |     2 |     1 |       ||     3
  Eat: Chunk             |     2 |     9 |     9 |    20 ||    40
       Ration            |       |       |     3 |       ||     3
Armor: Robe              |     9 |     3 |     3 |       ||    15
       Skin              |     1 |     1 |    13 |     6 ||    21
Dodge: Dodged            |    58 |   102 |   276 |   355 ||   791
Block: Other             |       |       |     1 |    35 ||    36
